[Event "1000GM Schev-A January 2024"]
[Site "Sunnyvale"]
[Date "2024.01.20"]
[Round "1.1"]
[White "Jasinski, Alexander"]
[Black "Moreno Trujillo, Alejandro"]
[Result "1/2-1/2"]
[ECO "C88"]
[WhiteElo "1951"]
[BlackElo "2485"]
[Annotator "RC"]
[PlyCount "40"]
[EventDate "2024.01.20"]
[EventType "schev"]
[EventCountry "USA"]
[SourceTitle "playchess.com"]
[Source "ChessBase"]
[SourceQuality "1"]
[TimeControl "5400+30"]

1. e4 e5 2. Nf3 Nc6 3. Bb5 a6 4. Ba4 Nf6 5. O-O b5 6. Bb3 Be7 7. Re1 d6 8. a4 Bb7 9. d3 O-O 10. Nbd2 h6 11. h3 Re8 12. Nf1 Bf8 13. Ne3 g6 14. Nd5 Nxd5 15. Bxd5 Bg7 16. Be3 Qd7 17. Qd2 Kh7 18. axb5 axb5 19. Rxa8 Bxa8 20. Ra1 Rh8 1/2-1/2

[Event "1000GM Schev-A January 2024"]
[Site "Sunnyvale"]
[Date "2024.01.20"]
[Round "1.2"]
[White "Yao, Hanchi"]
[Black "Perez Avendano, Paul Omar"]
[Result "1/2-1/2"]
[ECO "A59"]
[WhiteElo "1998"]
[BlackElo "2213"]
[Annotator "RC"]
[PlyCount "44"]
[EventDate "2024.01.20"]
[EventType "schev"]
[EventCountry "USA"]
[SourceTitle "playchess.com"]
[Source "ChessBase"]
[SourceQuality "1"]
[TimeControl "5400+30"]

1. d4 Nf6 2. c4 c5 3. d5 b5 4. cxb5 a6 5. bxa6 Bxa6 6. Nc3 d6 7. e4 Bxf1 8. Kxf1 g6 9. g3 Bg7 10. Kg2 O-O 11. Nf3 Nbd7 12. Qe2 Qc7 13. a4 Rfb8 14. Nb5 Qb7 15. Bd2 Nb6 16. b3 Re8 17. Bc3 Nc8 18. Qb2 Ra6 19. Rhe1 Na7 20. Na3 Rb8 21. Rab1 Qa8 22. Qe2 Rab6 1/2-1/2

[Event "1000GM Schev-A January 2024"]
[Site "Sunnyvale"]
[Date "2024.01.20"]
[Round "1.4"]
[White "Diaz Cordoba, Fredy"]
[Black "Chinni, Rishabh"]
[Result "0-1"]
[ECO "D05"]
[WhiteElo "2240"]
[BlackElo "1939"]
[Annotator "RC"]
[PlyCount "74"]
[EventDate "2024.01.20"]
[EventType "schev"]
[EventCountry "USA"]
[SourceTitle "playchess.com"]
[Source "ChessBase"]
[SourceQuality "1"]
[TimeControl "5400+30"]

1. d4 Nf6 2. Nf3 e6 3. e3 d5 4. Be2 c5 5. O-O Be7 6. b3 O-O 7. Bb2 Nc6 8. Ne5 Qc7 9. Nd2 b6 10. f4 Bb7 11. a3 Rfd8 12. Bd3 cxd4 13. exd4 Ne4 14. Nxf7 Kxf7 15. Nxe4 dxe4 16. Qh5+ Kg8 17. Bxe4 Bf6 18. Qxh7+ Kf7 19. Qh5+ Ke7 20. c3 Na5 21. Bxb7 Nxb7 22. Rae1 Rh8 23. Qe2 Qd6 24. Qe4 Rab8 25. g3 Kf7 26. f5 exf5 27. Qxf5 Rbd8 28. Qf3 Qd5 29. Re4 Qh5 30. Qf2 Nd6 31. Rf4 Rhe8 32. g4 Qg6 33. Qg2 Kg8 34. c4 Bg5 35. R4f3 Re4 36. Kh1 Bf6 37. Rf4 Rde8 0-1

[Event "1000GM Schev-A January 2024"]
[Site "Sunnyvale"]
[Date "2024.01.20"]
[Round "1.5"]
[White "Stopa, Jacek"]
[Black "Xia, Joshua"]
[Result "1-0"]
[ECO "A29"]
[WhiteElo "2344"]
[BlackElo "1922"]
[Annotator "RC"]
[PlyCount "61"]
[EventDate "2024.01.20"]
[EventType "schev"]
[EventCountry "USA"]
[SourceTitle "playchess.com"]
[Source "ChessBase"]
[SourceQuality "1"]
[TimeControl "5400+30"]

1. c4 e5 2. Nc3 Nf6 3. g3 d5 4. cxd5 Nxd5 5. Bg2 Nb6 6. Nf3 Nc6 7. O-O Be7 8. d3 O-O 9. a4 Be6 10. a5 Nd5 11. a6 b6 12. Qa4 Qd7 13. Nxd5 Bxd5 14. Nxe5 Nxe5 15. Qxd7 Nxd7 16. Bxd5 Rad8 17. Bf4 c5 18. Bb7 Nf6 19. Rfc1 Bd6 20. Bd2 Rfe8 21. Bf3 Be5 22. Rab1 Nd5 23. Rc4 Nc7 24. Bb7 Bd4 25. Kf1 Re7 26. b4 Nb5 27. bxc5 Na3 28. Rxd4 Rxd4 29. Rb3 bxc5 30. Rxa3 Rc7 31. Ba5 1-0

[Event "1000GM Schev-A January 2024"]
[Site "Sunnyvale"]
[Date "2024.01.21"]
[Round "2.1"]
[White "Perez Avendano, Paul Omar"]
[Black "Jasinski, Alexander"]
[Result "1-0"]
[ECO "B00"]
[WhiteElo "2213"]
[BlackElo "1951"]
[Annotator "RC"]
[PlyCount "99"]
[EventDate "2024.01.20"]
[EventType "schev"]
[EventCountry "USA"]
[SourceTitle "playchess.com"]
[Source "ChessBase"]
[SourceQuality "1"]
[TimeControl "5400+30"]

1. e4 Nc6 2. d4 d5 3. e5 Bf5 4. c3 e6 5. Nf3 f6 6. Bb5 Nge7 7. exf6 gxf6 8. Nh4 Bg6 9. Nxg6 hxg6 10. Bf4 Bh6 11. Bg3 a6 12. Ba4 b5 13. Bc2 f5 14. h3 f4 15. Bh2 e5 16. dxe5 Nxe5 17. O-O O-O 18. Re1 Qd6 19. Nd2 N7c6 20. Bb3 Kh7 21. Nf3 Rad8 22. Bc2 Kg8 23. Nd4 Na5 24. Bxg6 Bg7 25. Bc2 Qf6 26. Qh5 Rf7 27. Nf5 Nac4 28. Bxf4 Rdf8 29. Rxe5 Nxe5 30. Bxe5 Qxf5 31. Bxf5 Rxf5 32. Qg6 Rxe5 33. Qxa6 Re2 34. Qxb5 Rfxf2 35. Qxd5+ Kh8 36. Rf1 Rxf1+ 37. Kxf1 Rxb2 38. a4 Bxc3 39. Qd8+ Kh7 40. Qd3+ Kg8 41. Qxc3 Rb1+ 42. Kf2 Rb8 43. Qxc7 Ra8 44. a5 Rxa5 45. Qxa5 Kh8 46. Qc7 Kg8 47. g4 Kf8 48. g5 Kg8 49. g6 Kf8 50. Qf7# 1-0

[Event "1000GM Schev-A January 2024"]
[Site "Sunnyvale"]
[Date "2024.01.20"]
[Round "2.1"]
[White "Perez Avendano, Paul Omar"]
[Black "Jasinski, Alexander"]
[Result "*"]
[ECO "B00"]
[WhiteElo "2213"]
[BlackElo "1951"]
[Annotator "RC"]
[PlyCount "35"]
[EventDate "2024.01.20"]
[EventType "schev"]
[EventCountry "USA"]
[SourceTitle "playchess.com"]
[Source "ChessBase"]
[SourceQuality "1"]
[TimeControl "5400+30"]

1. e4 Nc6 2. d4 d5 3. e5 Bf5 4. c3 e6 5. Nf3 f6 6. Bb5 Nge7 7. exf6 gxf6 8. Nh4 Bg6 9. Nxg6 hxg6 10. Bf4 Bh6 11. Bg3 a6 12. Ba4 b5 13. Bc2 f5 14. h3 f4 15. Bh2 e5 16. dxe5 Nxe5 17. O-O N5c6 18. Re1 *

[Event "1000GM Schev-A January 2024"]
[Site "Sunnyvale"]
[Date "2024.01.21"]
[Round "2.2"]
[White "Ramirez, Carlos"]
[Black "Yao, Hanchi"]
[Result "1/2-1/2"]
[ECO "E32"]
[WhiteElo "2190"]
[BlackElo "1998"]
[Annotator "RC"]
[PlyCount "110"]
[EventDate "2024.01.20"]
[EventType "schev"]
[EventCountry "USA"]
[SourceTitle "playchess.com"]
[Source "ChessBase"]
[SourceQuality "1"]
[TimeControl "5400+30"]

1. d4 Nf6 2. c4 e6 3. Nc3 Bb4 4. Qc2 b6 5. e4 Bxc3+ 6. bxc3 d6 7. Bd3 Bb7 8. Ne2 e5 9. O-O Nbd7 10. f4 Qe7 11. Ng3 g6 12. c5 exd4 13. cxd6 Qxd6 14. e5 Qc5 15. exf6 dxc3+ 16. Kh1 O-O-O 17. f5 Nxf6 18. Bg5 Ng4 19. Be4 Rde8 20. Rac1 f6 21. h3 fxg5 22. hxg4 h5 23. Bxb7+ Kxb7 24. gxh5 Re3 25. Rf3 gxf5 26. Qf2 Re5 27. Qxc5 Rxc5 28. Rxf5 Rxh5+ 29. Kg1 Rxf5 30. Nxf5 g4 31. Ne3 Ra5 32. Rc2 b5 33. Nd5 c5 34. Nxc3 Kc6 35. Ne4 c4 36. Kf2 Ra3 37. Ke2 a5 38. Kd2 g3 39. Ke2 Kd5 40. Nc3+ Kc5 41. Nb1 Ra4 42. Ke3 Rb4 43. Nc3 a4 44. Ne4+ Kd5 45. Nxg3 Rb1 46. Ne2 b4 47. g4 b3 48. Nc3+ Ke5 49. Rg2 bxa2 50. Rxa2 Rb3 51. Kd2 a3 52. Kc2 Kf4 53. Nb1 Rb2+ 54. Rxb2 axb2 55. Kxb2 Kxg4 1/2-1/2

[Event "1000GM Schev-A January 2024"]
[Site "Sunnyvale"]
[Date "2024.01.21"]
[Round "2.4"]
[White "Chinni, Rishabh"]
[Black "Stopa, Jacek"]
[Result "1/2-1/2"]
[ECO "B06"]
[WhiteElo "1939"]
[BlackElo "2344"]
[Annotator "RC"]
[PlyCount "88"]
[EventDate "2024.01.20"]
[EventType "schev"]
[EventCountry "USA"]
[SourceTitle "playchess.com"]
[Source "ChessBase"]
[SourceQuality "1"]
[TimeControl "5400+30"]

1. e4 g6 2. d4 Bg7 3. Nc3 a6 4. Be3 b5 5. Qd2 d6 6. f3 Nd7 7. g4 b4 8. Nce2 Rb8 9. h4 h6 10. Ng3 e6 11. Bd3 c5 12. N1e2 Ne7 13. O-O-O Qc7 14. b3 Nc6 15. dxc5 dxc5 16. f4 Na5 17. Kb1 c4 18. Bxc4 Nxc4 19. bxc4 Qxc4 20. Qd3 Qxd3 21. Rxd3 O-O 22. Rhd1 Nf6 23. Bc5 Re8 24. g5 Ng4 25. Rd8 Bb7 26. Rxe8+ Rxe8 27. Bxb4 hxg5 28. hxg5 Nf2 29. Rd7 Bc6 30. Rc7 Rb8 31. a3 Bxe4 32. Nxe4 Nxe4 33. Kc1 a5 34. Bxa5 Bb2+ 35. Kd1 Bxa3 36. Nc3 Nd6 37. Rd7 Nc4 38. Bc7 Rc8 39. Ne4 Ne3+ 40. Kd2 Nd5 41. Be5 Kf8 42. Ra7 Be7 43. c3 Rd8 44. Ke2 Rc8 1/2-1/2

[Event "1000GM Schev-A January 2024"]
[Site "Sunnyvale"]
[Date "2024.01.21"]
[Round "2.5"]
[White "Xia, Joshua"]
[Black "Moreno Trujillo, Alejandro"]
[Result "1-0"]
[ECO "B12"]
[WhiteElo "1922"]
[BlackElo "2485"]
[Annotator "RC"]
[PlyCount "39"]
[EventDate "2024.01.20"]
[EventType "schev"]
[EventCountry "USA"]
[SourceTitle "playchess.com"]
[Source "ChessBase"]
[SourceQuality "1"]
[TimeControl "5400+30"]

1. e4 c6 2. d4 d5 3. e5 Bf5 4. h4 h5 5. Bd3 Bxd3 6. Qxd3 e6 7. Bg5 Qb6 8. Nd2 c5 9. c4 Nc6 10. Ngf3 cxd4 11. cxd5 Nb4 12. Qb3 Qa6 13. Nxd4 exd5 14. Rh3 Rc8 15. e6 f6 16. Rc3 Rxc3 17. Qxc3 Nd3+ 18. Kd1 Nxf2+ 19. Kc2 Ne7 20. Qc7 1-0

[Event "1000GM Schev-A January 2024"]
[Site "Sunnyvale"]
[Date "2024.01.21"]
[Round "3.1"]
[White "Jasinski, Alexander"]
[Black "Ramirez, Carlos"]
[Result "0-1"]
[ECO "C01"]
[WhiteElo "1951"]
[BlackElo "2190"]
[Annotator "RC"]
[PlyCount "132"]
[EventDate "2024.01.20"]
[EventType "schev"]
[EventCountry "USA"]
[SourceTitle "playchess.com"]
[Source "ChessBase"]
[SourceQuality "1"]
[TimeControl "5400+30"]

1. e4 e6 2. d4 d5 3. exd5 exd5 4. Bd3 Bd6 5. Nf3 Nc6 6. O-O Nge7 7. c3 Bg4 8. Bg5 Qd7 9. b4 f6 10. Bh4 Nf5 11. Bxf5 Bxf5 12. Bg3 Bxg3 13. fxg3 O-O 14. Nbd2 Rae8 15. Nb3 b6 16. Qd2 Ne7 17. Rfe1 Nc8 18. Rxe8 Rxe8 19. a4 Nd6 20. a5 Nc4 21. Qf2 Re3 22. Rc1 Qe6 23. Re1 Rxe1+ 24. Qxe1 Qxe1+ 25. Nxe1 Ne3 26. Nd2 b5 27. Nb3 Nd1 28. Nc5 Bc8 29. Ned3 Kf7 30. Kf1 Ke7 31. Ke2 Nxc3+ 32. Kd2 Ne4+ 33. Nxe4 dxe4 34. Nc5 f5 35. g4 g6 36. gxf5 gxf5 37. g4 fxg4 38. Nxe4 Bf5 39. Nc3 Bd7 40. Ke3 h5 41. Kf4 h4 42. Ne4 g3 43. hxg3 h3 44. Nf2 h2 45. Ke5 Bh3 46. Kd5 Kd7 47. Kc5 a6 48. d5 Bg2 49. g4 h1=Q 50. Nxh1 Bxh1 51. g5 Be4 52. Kd4 Bb1 53. Ke5 Ke7 54. d6+ cxd6+ 55. Kd5 Kd7 56. Kd4 Ke6 57. g6 Bxg6 58. Kc3 Kd5 59. Kb3 Kd4 60. Ka3 Kc3 61. Ka2 d5 62. Ka3 d4 63. Ka2 d3 64. Ka1 d2 65. Ka2 d1=Q 66. Ka3 Qa1# 0-1

[Event "1000GM Schev-A January 2024"]
[Site "Sunnyvale"]
[Date "2024.01.21"]
[Round "3.2"]
[White "Yao, Hanchi"]
[Black "Diaz Cordoba, Fredy"]
[Result "1/2-1/2"]
[ECO "A40"]
[WhiteElo "1998"]
[BlackElo "2240"]
[Annotator "RC"]
[PlyCount "45"]
[EventDate "2024.01.20"]
[EventType "schev"]
[EventCountry "USA"]
[SourceTitle "playchess.com"]
[Source "ChessBase"]
[SourceQuality "1"]
[TimeControl "5400+30"]

1. d4 Nc6 2. c4 Nb8 3. Nc3 Nc6 4. Nb1 e5 5. d5 Nce7 6. e4 Ng6 7. Nc3 Bc5 8. Nf3 Nf6 9. Be2 d6 10. b4 Bb6 11. Be3 O-O 12. Bxb6 axb6 13. g3 h6 14. h4 Bg4 15. Nd2 h5 16. Nf1 Ra3 17. Rc1 c6 18. Ne3 Bxe2 19. Qxe2 Qd7 20. f3 Rc8 21. O-O Ne7 22. Qb2 Rca8 23. Qd2 1/2-1/2

[Event "1000GM Schev-A January 2024"]
[Site "Sunnyvale"]
[Date "2024.01.21"]
[Round "3.4"]
[White "Moreno Trujillo, Alejandro"]
[Black "Chinni, Rishabh"]
[Result "1/2-1/2"]
[ECO "E11"]
[WhiteElo "2485"]
[BlackElo "1939"]
[Annotator "RC"]
[PlyCount "124"]
[EventDate "2024.01.20"]
[EventType "schev"]
[EventCountry "USA"]
[SourceTitle "playchess.com"]
[Source "ChessBase"]
[SourceQuality "1"]
[TimeControl "5400+30"]

1. d4 Nf6 2. c4 e6 3. Nf3 Bb4+ 4. Bd2 a5 5. e3 b6 6. a3 Be7 7. Nc3 Bb7 8. Bd3 d6 9. O-O Nbd7 10. e4 e5 11. d5 Nc5 12. Bc2 a4 13. g3 O-O 14. Nh4 Qd7 15. Nf5 Bd8 16. f4 g6 17. Nh6+ Kg7 18. f5 Be7 19. g4 Ne8 20. g5 f6 21. h4 Qd8 22. Qg4 Bc8 23. Rf3 Kh8 24. h5 gxf5 25. Nxf5 fxg5 26. Nxe7 Qxe7 27. Rxf8+ Qxf8 28. Qxg5 Bh3 29. Kh2 Bf1 30. Be3 Bxc4 31. Rg1 Nf6 32. Qh4 Qf7 33. Bg5 Rf8 34. Rg2 Bf1 35. Rg1 Nxh5 36. Bd1 Nf6 37. Rxf1 Ng4+ 38. Bxg4 Qxf1 39. Bf5 Rxf5 40. exf5 Qxf5 41. Bf6+ Kg8 42. Qg3+ Qg6 43. Qxg6+ hxg6 44. Bd8 Nd3 45. Bxc7 Nxb2 46. Bxd6 Nc4 47. Bb4 Kf7 48. Kg3 Kf6 49. Ne4+ Kf5 50. Kf3 g5 51. Ng3+ Kf6 52. Ke4 b5 53. Nf5 g4 54. Nd6 g3 55. Nxc4 g2 56. Bc5 bxc4 57. Bg1 Ke7 58. Bc5+ Kd7 59. Ba7 c3 60. Kd3 Kd6 61. Kxc3 Kxd5 62. Kd3 Kc6 1/2-1/2

[Event "1000GM Schev-A January 2024"]
[Site "Sunnyvale"]
[Date "2024.01.21"]
[Round "3.5"]
[White "Xia, Joshua"]
[Black "Perez Avendano, Paul Omar"]
[Result "0-1"]
[ECO "C84"]
[WhiteElo "1922"]
[BlackElo "2213"]
[Annotator "RC"]
[PlyCount "76"]
[EventDate "2024.01.20"]
[EventType "schev"]
[EventCountry "USA"]
[SourceTitle "playchess.com"]
[Source "ChessBase"]
[SourceQuality "1"]
[TimeControl "5400+30"]

1. e4 e5 2. Nf3 Nc6 3. Bb5 a6 4. Ba4 Nf6 5. O-O b5 6. Bb3 Be7 7. d3 d6 8. a3 O-O 9. Nc3 Bg4 10. Be3 Na5 11. Ba2 c5 12. Nd5 Nc6 13. Nxf6+ Bxf6 14. Bd5 Rc8 15. h3 Bh5 16. g4 Bg6 17. Kg2 h6 18. h4 Nd4 19. h5 Bh7 20. c3 Ne6 21. g5 Nxg5 22. Nh2 Be7 23. f4 exf4 24. Rxf4 Kh8 25. Qf1 Qd7 26. Kh1 f5 27. Qg2 fxe4 28. dxe4 Rxf4 29. Bxf4 Rf8 30. Be3 Qe8 31. a4 Qxh5 32. axb5 axb5 33. e5 dxe5 34. Ra7 Qd1+ 35. Bg1 Nh3 36. Rxe7 Nf2+ 37. Qxf2 Qxd5+ 38. Nf3 Rxf3 0-1

[Event "1000GM Schev-A January 2024"]
[Site "Sunnyvale"]
[Date "2024.01.21"]
[Round "4.1"]
[White "Diaz Cordoba, Fredy"]
[Black "Jasinski, Alexander"]
[Result "0-1"]
[ECO "A05"]
[WhiteElo "2240"]
[BlackElo "1951"]
[Annotator "RC"]
[PlyCount "112"]
[EventDate "2024.01.20"]
[EventType "schev"]
[EventCountry "USA"]
[SourceTitle "playchess.com"]
[Source "ChessBase"]
[SourceQuality "1"]
[TimeControl "5400+30"]

1. Nf3 Nf6 2. g3 g6 3. b3 Bg7 4. Bb2 d6 5. Bg2 Nc6 6. O-O O-O 7. c4 a6 8. d3 Rb8 9. Nbd2 e6 10. Rc1 b6 11. a3 Ne7 12. Rc2 c5 13. Qa1 Ne8 14. Bxg7 Nxg7 15. Ne4 Ne8 16. d4 d5 17. Ned2 cxd4 18. Qxd4 Bb7 19. Qh4 Qd6 20. b4 Nf5 21. Qf4 Qxf4 22. gxf4 dxc4 23. Nxc4 Be4 24. Rd2 Nf6 25. Nfe5 Bxg2 26. Kxg2 Rfd8 27. Rfd1 Rxd2 28. Rxd2 b5 29. Nc6 Rc8 30. N4a5 Kf8 31. Rd3 Nd5 32. Kf3 Nb6 33. e4 Ne7 34. Nd4 Nc4 35. Nb7 Nc6 36. Nxc6 Rxc6 37. Nc5 a5 38. Nd7+ Ke7 39. bxa5 Nxa5 40. e5 Nc4 41. Nf6 Rc7 42. Ng8+ Kf8 43. Rd8+ Kg7 44. Nf6 Ra7 45. Rg8+ Kh6 46. Kg4 Ra4 47. Kh4 Nxe5 48. Kg3 Rxa3+ 49. Kh4 Nf3+ 50. Kg3 Nd4+ 51. Kh4 Nf5+ 52. Kg4 Rd3 53. f3 b4 54. Ne4 b3 55. Ng5 Nd6 56. Rb8 Kg7 0-1

[Event "1000GM Schev-A January 2024"]
[Site "Sunnyvale"]
[Date "2024.01.21"]
[Round "4.2"]
[White "Stopa, Jacek"]
[Black "Yao, Hanchi"]
[Result "1-0"]
[ECO "A53"]
[WhiteElo "2344"]
[BlackElo "1998"]
[Annotator "RC"]
[PlyCount "61"]
[EventDate "2024.01.20"]
[EventType "schev"]
[EventCountry "USA"]
[SourceTitle "playchess.com"]
[Source "ChessBase"]
[SourceQuality "1"]
[TimeControl "5400+30"]

1. c4 Nf6 2. Nc3 c6 3. e4 e5 4. Nf3 d6 5. d4 Qc7 6. Be2 Bg4 7. O-O h6 8. Re1 Nbd7 9. Be3 Be7 10. h3 Bh5 11. Qc2 a5 12. Rad1 O-O 13. Nh4 Bxe2 14. Rxe2 Nh7 15. Nf5 Bg5 16. d5 Bxe3 17. Rxe3 Nb6 18. Rg3 Kh8 19. Rxg7 Rg8 20. Rxg8+ Rxg8 21. dxc6 bxc6 22. Rxd6 Nxc4 23. Rxh6 f6 24. b3 Nd6 25. Nd5 Qf7 26. Nxf6 Nxf5 27. Rxh7+ Qxh7 28. Nxh7 Nd4 29. Qd1 Kxh7 30. Qh5+ Kg7 31. Qxe5+ 1-0

[Event "1000GM Schev-A January 2024"]
[Site "Sunnyvale"]
[Date "2024.01.21"]
[Round "4.4"]
[White "Chinni, Rishabh"]
[Black "Perez Avendano, Paul Omar"]
[Result "0-1"]
[ECO "C80"]
[WhiteElo "1939"]
[BlackElo "2213"]
[Annotator "RC"]
[PlyCount "108"]
[EventDate "2024.01.20"]
[EventType "schev"]
[EventCountry "USA"]
[SourceTitle "playchess.com"]
[Source "ChessBase"]
[SourceQuality "1"]
[TimeControl "5400+30"]

1. e4 e5 2. Nf3 Nc6 3. Bb5 a6 4. Ba4 Nf6 5. O-O b5 6. Bb3 Nxe4 7. d4 d5 8. dxe5 Be6 9. Nbd2 Nc5 10. c3 Nd3 11. Qe2 Nxc1 12. Raxc1 Bc5 13. Rfd1 Qe7 14. Nf1 Rd8 15. Nd4 Nxd4 16. cxd4 Bb6 17. a4 Qb4 18. Qc2 O-O 19. Qc3 Qxc3 20. Rxc3 Bd7 21. axb5 axb5 22. Ne3 c6 23. Bc2 g6 24. b4 Ra8 25. f4 Ra2 26. f5 Kh8 27. Ng4 Rxc2 28. Rxc2 Bxf5 29. Rxc6 Bxg4 30. Rd2 Rb8 31. Kf2 Bd7 32. Rd6 Be6 33. Ke3 Bd8 34. Rc2 Bg5+ 35. Kf2 Be7 36. Ra6 Bxb4 37. Ra7 Bf8 38. Rca2 b4 39. Ra8 Rxa8 40. Rxa8 Kg7 41. Rb8 Bf5 42. Ke3 h5 43. Kd2 h4 44. g3 h3 45. Kc1 Be7 46. Kd2 f6 47. exf6+ Kxf6 48. Rb6+ Kg5 49. Kd1 Kg4 50. Ke2 Bc2 51. Kd2 b3 52. Kc3 Kf3 53. Re6 Bd8 54. Kb2 Bc7 0-1

[Event "1000GM Schev-A January 2024"]
[Site "Sunnyvale"]
[Date "2024.01.21"]
[Round "4.5"]
[White "Ramirez, Carlos"]
[Black "Xia, Joshua"]
[Result "0-1"]
[ECO "D98"]
[WhiteElo "2190"]
[BlackElo "1922"]
[Annotator "RC"]
[PlyCount "110"]
[EventDate "2024.01.20"]
[EventType "schev"]
[EventCountry "USA"]
[SourceTitle "playchess.com"]
[Source "ChessBase"]
[SourceQuality "1"]
[TimeControl "5400+30"]

1. d4 Nf6 2. c4 g6 3. Nc3 d5 4. Nf3 Bg7 5. Qb3 dxc4 6. Qxc4 O-O 7. e4 Nc6 8. Be2 Bg4 9. Be3 Bxf3 10. Bxf3 e5 11. d5 Nd4 12. O-O-O Nxf3 13. gxf3 Ne8 14. Kb1 Nd6 15. Qb3 Qf6 16. Rhg1 Qf5 17. f4 Qxf4 18. Rg3 Qg5 19. Rf1 Qh5 20. Rfg1 Bh6 21. Bc5 Bf4 22. R3g2 Qh3 23. Qd1 Bxh2 24. Qf1 Bxg1 25. Rxg6+ fxg6 26. Qxh3 Bxf2 27. Qe6+ Rf7 28. Bxd6 cxd6 29. Nb5 Bc5 30. a3 a5 31. Nc7 Rd8 32. Ne8 Rxe8 33. Qxe8+ Kg7 34. Qe6 h5 35. a4 h4 36. Kc2 Rf4 37. Kd3 Kh6 38. b3 Kh5 39. Qc8 b6 40. Qd7 Kg5 41. Qh7 Rf6 42. Qd7 Bf2 43. Ke2 Bd4 44. Qc8 Bc5 45. Qd7 Rf2+ 46. Kd3 Rf3+ 47. Kd2 h3 48. Ke2 Rf2+ 49. Kd3 Kh4 50. Qh7+ Kg3 51. Qxg6+ Kh2 52. Kc4 Rg2 53. Qh5 Bf2 54. Qf3 Bg3 55. Kb5 Rf2 0-1

[Event "1000GM Schev-A January 2024"]
[Site "Sunnyvale"]
[Date "2024.01.22"]
[Round "5.1"]
[White "Jasinski, Alexander"]
[Black "Stopa, Jacek"]
[Result "0-1"]
[ECO "B12"]
[WhiteElo "1951"]
[BlackElo "2344"]
[Annotator "RC"]
[PlyCount "88"]
[EventDate "2024.01.20"]
[EventType "schev"]
[EventCountry "USA"]
[SourceTitle "playchess.com"]
[Source "ChessBase"]
[SourceQuality "1"]
[TimeControl "5400+30"]

1. e4 c6 2. d4 d5 3. e5 Na6 4. Nf3 Bg4 5. Be2 e6 6. c3 Ne7 7. Nbd2 Nc7 8. h3 Bh5 9. O-O Nc8 10. a4 a5 11. Nb3 Be7 12. Be3 O-O 13. g4 Bg6 14. Ne1 f5 15. f4 Nb6 16. g5 Nc4 17. Bc1 Na6 18. Ng2 b5 19. axb5 cxb5 20. Bxc4 bxc4 21. Nxa5 Qb6 22. b4 Nxb4 23. Qa4 Be8 24. Qd1 Rxa5 25. Rxa5 Qxa5 26. cxb4 Bxb4 27. Rf2 Ba4 28. Qf1 Bb3 29. Ne3 Bc3 30. Nc2 Qa4 31. Qd1 Bxc2 32. Rxc2 Bxd4+ 33. Kh1 Qb3 34. Kg2 Ra8 35. Qe2 Ra1 36. Kh2 Qb1 37. Kg3 Ba7 38. Kh4 g6 39. Kg3 Qb6 40. Qd2 Qg1+ 41. Kf3 Rb1 42. Rc3 Bd4 43. Qc2 Rxc1 44. Qxc1 Qf2# 0-1

[Event "1000GM Schev-A January 2024"]
[Site "Sunnyvale"]
[Date "2024.01.22"]
[Round "5.2"]
[White "Moreno Trujillo, Alejandro"]
[Black "Yao, Hanchi"]
[Result "1-0"]
[ECO "E12"]
[WhiteElo "2485"]
[BlackElo "1998"]
[Annotator "RC"]
[PlyCount "87"]
[EventDate "2024.01.20"]
[EventType "schev"]
[EventCountry "USA"]
[SourceTitle "playchess.com"]
[Source "ChessBase"]
[SourceQuality "1"]
[TimeControl "5400+30"]

1. d4 Nf6 2. c4 e6 3. Nf3 b6 4. a3 Bb7 5. Nc3 d5 6. cxd5 Nxd5 7. e3 a6 8. Bd3 Nxc3 9. bxc3 g6 10. O-O Bg7 11. e4 O-O 12. Be3 Nd7 13. Qe2 c5 14. e5 b5 15. Nd2 c4 16. Be4 Bxe4 17. Nxe4 Nb6 18. Bg5 Qc7 19. h4 h6 20. Bd2 Nd5 21. f4 Qe7 22. h5 Qh4 23. hxg6 fxg6 24. Nc5 Qe7 25. Qg4 Kf7 26. Ne4 Rfd8 27. Rf3 Qc7 28. Re1 Ne7 29. Nd6+ Rxd6 30. exd6 Qxd6 31. Rfe3 Ra7 32. Rxe6 Qd5 33. f5 Qxf5 34. Rxe7+ Rxe7 35. Rf1 Kf6 36. Rxf5+ gxf5 37. Qh4+ Kf7 38. Qh5+ Ke6 39. Qg6+ Bf6 40. d5+ Ke5 41. Bf4+ Kxf4 42. Qxf6 Re4 43. d6 Kg3 44. Qg6+ 1-0

[Event "1000GM Schev-A January 2024"]
[Site "Sunnyvale"]
[Date "2024.01.22"]
[Round "5.4"]
[White "Chinni, Rishabh"]
[Black "Ramirez, Carlos"]
[Result "1/2-1/2"]
[ECO "C07"]
[WhiteElo "1939"]
[BlackElo "2190"]
[Annotator "RC"]
[PlyCount "41"]
[EventDate "2024.01.20"]
[EventType "schev"]
[EventCountry "USA"]
[SourceTitle "playchess.com"]
[Source "ChessBase"]
[SourceQuality "1"]
[TimeControl "5400+30"]

1. e4 e6 2. d4 d5 3. Nd2 c5 4. Ngf3 cxd4 5. Nxd4 Nc6 6. Nxc6 bxc6 7. exd5 cxd5 8. Nf3 Nf6 9. c4 Bb4+ 10. Bd2 Bxd2+ 11. Qxd2 O-O 12. cxd5 exd5 13. Be2 Ne4 14. Qd4 Ba6 15. b4 Bxe2 16. Kxe2 Re8 17. Rhe1 Ng3+ 18. Kd2 Ne4+ 19. Ke2 Ng3+ 20. Kd2 Ne4+ 21. Ke2 1/2-1/2

[Event "1000GM Schev-A January 2024"]
[Site "Sunnyvale"]
[Date "2024.01.22"]
[Round "5.5"]
[White "Xia, Joshua"]
[Black "Diaz Cordoba, Fredy"]
[Result "1/2-1/2"]
[ECO "B00"]
[WhiteElo "1922"]
[BlackElo "2240"]
[Annotator "RC"]
[PlyCount "68"]
[EventDate "2024.01.20"]
[EventType "schev"]
[EventCountry "USA"]
[SourceTitle "playchess.com"]
[Source "ChessBase"]
[SourceQuality "1"]
[TimeControl "5400+30"]

1. e4 Nc6 2. d4 e5 3. dxe5 Nxe5 4. Nc3 Bc5 5. Bf4 Ng6 6. Bg3 h5 7. h4 Nf6 8. Nf3 Qe7 9. Bc4 b5 10. Nxb5 Qxe4+ 11. Qe2 O-O 12. Nxc7 Rb8 13. O-O-O Qxe2 14. Bxe2 Ne4 15. Nd5 Nxg3 16. fxg3 Bf2 17. Nd4 Bxg3 18. Bxh5 Nf4 19. Nxf4 Bxf4+ 20. Kb1 Rb6 21. Bf3 a5 22. c3 Ba6 23. Kc2 Bc4 24. b3 Be6 25. Nxe6 dxe6 26. Rd4 e5 27. Ra4 Rb5 28. Rd1 Rc8 29. c4 Bg3 30. Rd7 f5 31. Kd2 Rbc5 32. Bd5+ Kh8 33. h5 e4 34. Rf7 Rxd5+ 1/2-1/2